cohdb
Replays
Latest Replays
All Replays
Popular Replays
Top Player Replays
Match Explorer
How It Works
Community
CoH3 Stats
Reddit
Sign in to upload your games and track your stats! →
Sign in with Steam
Match 39240963
Unlisted
Match 39240963
Overview
Messages
Build Orders
End
Kradschützen Motorcycle Team
Selects Battlefield Espionage Battlegroup
Selects Sector Subterfuge Beacon
Panzergrenadier Squad
Panzerpioneer Squad
Panzergrenadier Squad
Construct Light Support Kompanie
MG34 Team
2.5-tonne Medical Truck
Panzergrenadier Squad
MG34 Team
Fire Support Elements
Panzerjäger Mechanized Group
Construct Panzerarmee Kommand
Panzer III L Medium Tank
Pak 38 Anti-tank Gun Team
le.IG 18 Support Gun Team
AI Takeover
AlbinoMutt16
XuZhongwei
0
0
Comments
sign in to comment!
No comments posted yet!